 Zot Defence DCSS version 0.15.2 (webtiles) character file.

2361 shmeve the Hoplite (level 9, -12/81 HPs)
             Began as a Minotaur Fighter on May 25, 2016.
             Mangled by a wolf spider (18 damage)
             ... in the Realm of Zot (Scenario I: Hall of Zot).
             The game lasted 00:13:22 (1524 turns).

shmeve the Hoplite (Minotaur Fighter)               Turns: 1524, Time: 00:13:22

HP -12/81        AC  7     Str 24      XL: 9   Next: 21%
MP   4/4         EV  8     Int  5      God:
Gold 0           SH 11     Dex 10      Spells:  0 memorised,  8 levels left

rFire  . . .     SeeInvis .     a - +0 war axe
rCold  . . .     Clarity  .     b - +0 scale mail
rNeg   . . .     rCorr    .     c - +0 shield
rPois  .         rRot     .     (helmet restricted)
rElec  .         Spirit   .     (no cloak)
SustAb .         Warding  .     (no gloves)
rMut   .         Stasis   .     (no boots)
Gourm  .                        (no amulet)
MR     .....                    (no ring)
                                (no ring)

@: lethally poisoned, not resistant to hostile enchantments, extremely
unstealthy
A: retaliatory headbutt, horns 2
a: Make oklob sapling, Make arrow trap, Make plant, Remove Curse, Make burning
bush, Make altar, Make grenades, Make oklob plant, Make net trap, Make ice
statue


You were in the Realm of Zot.
You were not hungry.

You visited 1 branch

Inventory:

Hand weapons
 a - a +0 war axe (weapon)
Armour
 b - a +0 scale mail (worn)
 c - a +0 shield (worn)
Comestibles
 f - a bread ration
Scrolls
 k - 2 scrolls of blinking
Potions
 d - 4 potions of curing
 e - a potion of might
 g - a potion of heal wounds
 h - a potion of haste
 i - 2 potions of magic
 j - a potion of berserk rage


   Skills:
 * Level 8.1 Fighting
 * Level 8.0 Axes
 + Level 6.4 Armour
 + Level 4.1 Dodging
 * Level 8.3 Shields


You had 8 spell levels left.
You didn't know any spells.

Dungeon Overview and Level Annotations

Branches:
    Zot (1/1)

Altars:


Innate Abilities, Weirdness & Mutations

You reflexively headbutt those who attack you in melee.
You have a pair of horns on your head.


Message History

You hit the wolf spider but do no damage.
The wolf spider is severely wounded.
You hit the vampire mosquito.
The vampire mosquito is heavily damaged.
You slash the slime creature!
The slime creature is lightly wounded.
You hit the wolf spider.
The wolf spider is severely wounded.
You hit the vampire mosquito.
The vampire mosquito is heavily damaged.
You slash the vampire mosquito!
The vampire mosquito is severely damaged.
* * * LOW HITPOINT WARNING * * *
You feel sick.
You block the vampire mosquito's attack. x3
The wolf spider struggles against the net.
The slime creature struggles against the net.
You block the vampire mosquito's attack.
The wolf spider hits you!!
You die...

######### ######### ....####
####.... .......### ###.......
.........## ##.........
..........# ▓▓▓▓▓▓▓▓▓ #..........
..........▓▓▓P..P.%P▓▓▓..........
..........▓▓........)▓▓..........
.........)▓..%)syJ%..)▓))........
..........)))).y@sZ)).)..........
..........▓.)%)^Py%.%)▓..........
..........▓▓P.......P▓▓..........
..........▓▓▓...P...▓▓▓..........
..........▓ ▓▓▓▓▓▓▓▓▓ ▓..........
.........▓▓ ▓▓.........
.......▓▓▓ ▓▓▓....... ....▓▓▓▓
▓▓▓▓.... ▓▓▓▓▓▓▓▓ ▓▓▓▓▓▓▓▓


You could see a slime creature (caught), 2 wolf spiders, 3 vampire mosquitoes,
an orc simulacrum, 2 friendly oklob plants and 5 friendly oklob saplings.

Vanquished Creatures
  A vampire mosquito (Zot)
  A gnoll sergeant (Zot)
  A giant mite (Zot)
  3 giant geckos (Zot)
  6 oozes (Zot)
  9 goblins (Zot)
  4 hobgoblins (Zot)
  5 kobolds (Zot)
  A bat (Zot)
  2 rats (Zot)
33 creatures vanquished.

Vanquished Creatures (collateral kills)
  A wolf spider (Zot)
  2 vampire mosquitoes (Zot)
  Edmund (Zot)
  A phantom (Zot)
  A black bear (Zot)
  A centaur (Zot)
  2 ogres (Zot)
  3 giant frogs (Zot)
  A hippogriff zombie (Zot)
  A quasit (Zot)
  A centaur zombie (Zot)
  2 hounds (Zot)
  An orc priest (Zot)
  3 worker ants (Zot)
  2 sheep (Zot)
  Ijyb (Zot)
  A big kobold zombie (Zot)
  Terence (Zot)
  3 gnolls (Zot)
  2 adders (Zot)
  3 giant mites (Zot)
  A worm (Zot)
  6 giant geckos (Zot)
  15 orcs (Zot)
  2 ball pythons (Zot)
  17 goblins (Zot)
  7 hobgoblins (Zot)
  A quokka (Zot)
  9 bats (Zot)
  2 giant newts (Zot)
  10 kobolds (Zot)
  9 rats (Zot)
  3 butterflies (Zot)
116 creatures vanquished.

Vanquished Creatures (others)
  2 oklob plants (Zot)
  An oklob sapling (Zot)
  3 butterflies (Zot)
6 creatures vanquished.

Grand Total: 155 creatures vanquished

Notes
Turn   | Place    | Note
--------------------------------------------------------------
     0 | Zot      | shmeve, the Minotaur Fighter, began the quest for the Orb.
     0 | Zot      | Reached XP level 1. HP: 19/19 MP: 1/1
   212 | Zot      | Reached XP level 2. HP: 24/27 MP: 1/1
   226 | Zot      | Reached skill level 4 in Fighting
   280 | Zot      | Reached XP level 3. HP: 18/33 MP: 2/2
   437 | Zot      | Reached XP level 4. HP: 32/40 MP: 2/2
   740 | Zot      | Noticed Buhonaf
   762 | Zot      | Killed Buhonaf the phantom
   762 | Zot      | Reached skill level 5 in Fighting
   762 | Zot      | Reached skill level 1 in Dodging
   762 | Zot      | Reached skill level 5 in Shields
   762 | Zot      | Reached XP level 5. HP: 42/48 MP: 2/2
   762 | Zot      | Reached XP level 6. HP: 49/56 MP: 3/3
   854 | Zot      | Reached skill level 5 in Axes
   940 | Zot      | Noticed Ijyb
   948 | Zot      | Killed Ijyb
  1002 | Zot      | Reached skill level 5 in Armour
  1002 | Zot      | Reached XP level 7. HP: 61/61 MP: 3/3
  1041 | Zot      | Noticed Terence
  1045 | Zot      | Killed Terence
  1122 | Zot      | Reached skill level 6 in Shields
  1342 | Zot      | Noticed Edmund
  1351 | Zot      | Killed Edmund
  1351 | Zot      | Reached XP level 8. HP: 69/71 MP: 3/3
  1409 | Zot      | Reached skill level 7 in Shields
  1508 | Zot      | Noticed a wolf spider
  1511 | Zot      | Reached XP level 9. HP: 76/81 MP: 4/4
  1513 | Zot      | Noticed a wolf spider
  1515 | Zot      | Killed a wolf spider
  1515 | Zot      | Reached skill level 8 in Fighting
  1516 | Zot      | Noticed a wolf spider
  1517 | Zot      | Noticed a slime creature
  1524 | Zot      | Mangled by a wolf spider

Action                   |  1- 3 |  4- 6 |  7- 9 || total
-------------------------+-------+-------+-------++-------
Melee: War axe           |    43 |    24 |    15 ||    82
 Abil: Make oklob saplin |     2 |     4 |       ||     6
       Make oklob plant  |       |       |     4 ||     4
       Make net trap     |       |       |     6 ||     6
 Stab: Distracted        |       |     1 |     2 ||     3
